AoeStats
← NicksjeDhondt

Black Forest

508417916Analyzed
2v2 RM · 11d ago on Sep 22, 2026· 35m 13s· 4 players
Game mode
Random Map
Map size
Medium (4 player)
Population
200
Speed
Normal
Resources
Standard
Victory
Conquest
Starting age
Dark Age
Ending age
Imperial Age
RankedLock teamsTeams togetherTeam positionsShared explorationLock speedFull tech treeHidden civsTurbo modeCheats
Victory
Defeat
🇨🇿 Poles · Czechia
801
+13
🇧🇷 Cumans · Brazil
716
+17
🇧🇬 Britons · Bulgaria
743
-33
🇧🇪 Bohemians · Belgium
729
-15
NicksjeDhondt
0:40 Loom
12:36 Feudal Age
13:14 Double-Bit Axe
15:04 Horse Collar
21:07 Castle Age
22:17 Heavy Plow
22:30 Bow Saw
27:31 Coinage
28:20 Town Watch
29:21 Town Patrol
29:28 Pikeman
30:08 Squires
30:48 Man-at-Arms
33:20 Wheelbarrow
32:36 Long Swordsman
33:34 Scale Mail Armor
34:30 Hand Cart
North Stand
13:51 Feudal Age
15:26 Loom
17:53 Castle Age
15:58 Horse Collar
16:22 Double-Bit Axe
17:03 Gold Mining
20:07 Bow Saw
19:59 Heavy Plow
20:04 Man-at-Arms
20:29 Gambesons
20:47 Squires
Atommych
4:36 Loom
13:06 Feudal Age
14:28 Wheelbarrow
14:40 Double-Bit Axe
15:12 Gold Mining
15:35 Stone Mining
16:33 Town Watch
19:13 Horse Collar
22:17 Scale Mail Armor
21:41 Man-at-Arms
22:07 Arson
31:36 Castle Age
33:15 Hand Cart
33:22 Hand Cart
33:21 Forging
33:26 Chain Mail Armor
33:19 Scale Barding Armor
32:40 Capped Ram
33:26 Heavy Plow
34:04 Gold Shaft Mining
33:45 Bow Saw
..OK.Headyy..
11:10 Feudal Age
10:25 Loom
11:41 Double-Bit Axe
12:40 Arson
13:27 Horse Collar
13:28 Man-at-Arms
16:49 Wheelbarrow
22:11 Castle Age
20:47 Gold Mining
22:06 Stone Mining
24:21 Light Cavalry
25:12 Bloodlines
27:11 Scale Barding Armor
27:18 Forging
28:51 Chain Barding Armor
29:38 Iron Casting
31:17 Husbandry
35:04 Imperial Age
34:23 Bow Saw
34:18 Heavy Plow
Connection lost

Rejoining the realm…

Still unreachable

The connection could not be restored.

Session expired

The server has moved on; the page needs a fresh start.